[Event "Titled Tuesday Blitz May 24 Late 2022"]
[White "Diaz Rosas, Julio Cesar"]
[Black "Papasimakopoulos, Alexandros"]
[WhiteFideId "5105099"]
[BlackFideId "4244125"]
[WhiteElo "2563"]
[BlackElo "2692"]
[Result "1/2-1/2"]
[Round "04"]
[TimeControl "180+1"]
[Date "2022.05.25"]
[WhiteClock "0:00:26"]
[BlackClock "0:00:20"]

1. d4 e6 2. Nc3 d5 3. e4 Bb4 4. e5 b6 5. Qg4 Bf8 6. a4 a5 7. Nf3 Ba6 8. Bb5+ c6 9. Bxa6 Nxa6 10. Ng5 Nb4 11. Qe2 Nh6 12. O-O Nf5 13. Nf3 h5 14. Nd1 c5 15. Bg5 Qd7 16. c3 Nc6 17. Ne3 Nfe7 18. Rfd1 cxd4 19. Nxd4 Nxd4 20. cxd4 Ng6 21. f4 Be7 22. Bxe7 Nxe7 23. Rdc1 g6 24. Rc3 Kf8 25. b3 Rc8 26. Rac1 Rxc3 27. Rxc3 Kg7 28. Qc2 Rc8 29. Kf2 Rxc3 30. Qxc3 b5 31. Qxa5 bxa4 32. bxa4 Nc6 33. Qb6 Ne7 34. Qc5 Qb7 35. Nc2 Qb3 36. a5 Nf5 37. a6 Qd3 38. a7 Qd2+ 39. Kf1 Qd1+ 40. Kf2 Qd2+ 41. Kf1 Qd1+ 42. Kf2 Qd2+ 1/2-1/2


[Site "https://www.chess.com"]

[Event "Titled Tuesday Blitz May 24 Late 2022"]
[White "Domingo Nunez, Ruben"]
[Black "Rostovtsev, Dmitry"]
[WhiteFideId "22245570"]
[BlackFideId "34278320"]
[WhiteElo "2376"]
[BlackElo "2274"]
[Result "1-0"]
[Round "04"]
[TimeControl "180+1"]
[Date "2022.05.24"]
[WhiteClock "0:00:03"]
[BlackClock "0:00:10"]

1. d4 Nf6 2. g3 e6 3. Bg2 d5 4. Nf3 c5 5. c3 Nc6 6. O-O Bd6 7. Re1 O-O 8. Na3 Ne4 9. Nc2 f5 10. Be3 c4 11. Qc1 b5 12. Bf4 a5 13. Bxd6 Qxd6 14. Ng5 b4 15. f3 Nxg5 16. Qxg5 f4 17. g4 h6 18. Qh4 e5 19. Rad1 g5 20. Qf2 Re8 21. dxe5 Qxe5 22. Qc5 Ne7 23. e4 Bb7 24. exd5 Qg7 25. d6 Ng6 26. Qxc4+ Kh7 27. Nd4 Nh4 28. Qd3+ Kh8 29. Ne6 Qf6 30. d7 Red8 31. Nxd8 Rxd8 32. Re8+ Kg7 33. Rxd8 Qxd8 34. Qd4+ Kf7 35. Re1 Bxf3 36. Qc4+ Kg7 37. Qd4+ Kf7 38. Bf1 Bxg4 39. Bc4+ Kg6 40. Qd6+ Kh5 41. Bf7+ Ng6 42. Qxg6+ Kh4 43. Qxh6+ Bh5 44. Qxh5# 1-0


[Site "https://www.chess.com"]

[Event "Titled Tuesday Blitz May 24 Late 2022"]
[White "Dreev, Aleksey"]
[Black "Yang, Kaiqi"]
[WhiteFideId "4100107"]
[BlackFideId "8604398"]
[WhiteElo "2625"]
[BlackElo "2373"]
[Result "1-0"]
[Round "04"]
[TimeControl "180+1"]
[Date "2022.05.24"]
[WhiteClock "0:00:19"]
[BlackClock "0:00:01"]

1. d4 Nf6 2. c4 g6 3. Nc3 Bg7 4. e4 d6 5. Be2 O-O 6. h4 c5 7. d5 b5 8. cxb5 a6 9. h5 axb5 10. e5 dxe5 11. Bxb5 Bb7 12. hxg6 hxg6 13. Qf3 Bxd5 14. Nxd5 Qxd5 15. Ne2 Qxf3 16. gxf3 Nbd7 17. Nc3 Nb6 18. Be3 Rfc8 19. Ne4 Nbd5 20. Bc4 Nxe3 21. fxe3 Nxe4 22. fxe4 Bf6 23. a4 Rcb8 24. b3 Ra5 25. Rd1 Kg7 26. Ke2 Ra7 27. Rd5 Rc8 28. Rhd1 e6 29. Rd7 Rcc7 30. Rxc7 Rxc7 31. a5 Ra7 32. a6 Be7 33. Bb5 c4 34. Bxc4 f5 35. Bb5 Kf6 36. Rc1 g5 37. Rc6 g4 38. Bc4 Kg5 39. Rxe6 fxe4 40. Rxe5+ Kh4 41. Rxe4 Bg5 42. Kf2 1-0


[Site "https://www.chess.com"]

[Event "Titled Tuesday Blitz May 24 Late 2022"]
[White "Drygalov, Sergey"]
[Black "Martinez Alcantara, Jose Eduardo"]
[WhiteFideId "24171743"]
[BlackFideId "3805662"]
[WhiteElo "2514"]
[BlackElo "2690"]
[Result "0-1"]
[Round "04"]
[TimeControl "180+1"]
[Date "2022.05.24"]
[WhiteClock "0:00:08"]
[BlackClock "0:00:07"]

1. d4 Nf6 2. c4 e6 3. Nf3 d5 4. Nc3 a6 5. cxd5 exd5 6. Bg5 Be6 7. e3 Nbd7 8. Bd3 c6 9. O-O Bd6 10. Bf4 Qc7 11. Qd2 O-O 12. h3 Rfe8 13. Rfe1 h6 14. Rac1 Nb6 15. Ne5 Nfd7 16. Nf3 Rad8 17. b3 Nc8 18. b4 b5 19. a4 Qb7 20. Rb1 Ndb6 21. a5 Nc4 22. Bxc4 bxc4 23. Na4 Bf5 24. Rb2 Be4 25. Nc5 Qa7 26. Ne5 Bxe5 27. Bxe5 Nd6 28. Bxd6 Rxd6 29. f3 Bg6 30. Qc3 f5 31. f4 Kh7 32. Kh2 Ra8 33. Rf2 Qe7 34. g3 Ra7 35. Rg1 h5 36. h4 Bf7 37. Rc1 g6 38. Re2 Rd8 39. Rb1 Rb8 40. Rbb2 Rb5 41. Rb1 Be6 42. Na4 Rab7 43. Nb6 Qf6 44. Rbb2 Bf7 45. Na4 Be6 46. Qd2 Qe7 47. Nc5 Ra7 48. Qc3 Bc8 49. Na4 Rc7 50. Nc5 Qe8 51. Qc2 Re7 52. Qc3 Qd8 53. Rb1 Qd6 54. Rbb2 Qf6 55. Na4 Reb7 56. Nc5 Rb8 57. Na4 Kg8 58. Nb6 Kg7 59. Na4 Kf7 60. Nb6 Kf8 61. Qa3 Ke8 62. Rbc2 Qe7 63. Rb2 R8xb6 64. axb6 a5 65. Ra2 axb4 66. Qa8 Qb7 67. Ra7 Qxa8 68. Rxa8 Kd7 69. Ra7+ Kd8 70. Rg7 Rxb6 71. Ra2 Rb7 72. Rg8+ Kc7 73. Ra8 Bd7 74. Rxg6 b3 0-1


[Site "https://www.chess.com"]

[Event "Titled Tuesday Blitz May 24 Late 2022"]
[White "Dudzinski, Pawel"]
[Black "Arnold, Ken"]
[WhiteFideId "1117890"]
[BlackFideId "2056836"]
[WhiteElo "2011"]
[BlackElo "2290"]
[Result "0-1"]
[Round "04"]
[TimeControl "180+1"]
[Date "2022.05.25"]
[WhiteClock "0:00:08"]
[BlackClock "0:00:23"]

1. e4 c6 2. d4 d5 3. exd5 cxd5 4. Bd3 Nf6 5. h3 Nc6 6. c3 g6 7. Nf3 Bg7 8. O-O O-O 9. Bf4 b6 10. Ne5 Bb7 11. Nxc6 Bxc6 12. Re1 e6 13. a4 a5 14. Na3 Qd7 15. Nb5 Rfc8 16. f3 Ne8 17. Qd2 Bf8 18. Qe2 Nd6 19. Nxd6 Bxd6 20. Bxd6 Qxd6 21. Bb5 Ra7 22. Bxc6 Qxc6 23. Ra3 Rb7 24. Rea1 Rcb8 25. Rb3 b5 26. axb5 Rxb5 27. Rxb5 Rxb5 28. Kf2 Qb6 29. Ra2 e5 30. Qxe5 Rxb2+ 31. Rxb2 Qxb2+ 32. Kg3 Qxc3 33. Qxd5 Qb4 34. Kg4 a4 35. Kg5 Qe7+ 36. Kf4 a3 37. g4 Kg7 38. g5 h6 39. h4 hxg5+ 40. hxg5 Qc7+ 41. Ke4 Qc2+ 42. Ke3 a2 43. Qe5+ Kh7 44. Qe7 Qb3+ 45. Kf4 a1=Q 46. Qd7 Qc1+ 47. Ke4 Qe6+ 48. Qxe6 fxe6 0-1


[Site "https://www.chess.com"]

[Event "Titled Tuesday Blitz May 24 Late 2022"]
[White "Estrada Nieto, Julian"]
[Black "Kruckenhauser, Arthur"]
[WhiteFideId "5101018"]
[BlackFideId "1642812"]
[WhiteElo "2252"]
[BlackElo "2243"]
[Result "0-1"]
[Round "04"]
[TimeControl "180+1"]
[Date "2022.05.25"]
[WhiteClock "0:00:03"]
[BlackClock "0:00:56"]

1. e4 g6 2. d4 Bg7 3. Nf3 c5 4. d5 d6 5. Nc3 a6 6. a4 Nf6 7. Be2 O-O 8. O-O Bg4 9. Nd2 Bxe2 10. Qxe2 Nbd7 11. a5 Ne8 12. Nc4 Nc7 13. Bf4 Nb5 14. Na4 Qc7 15. c3 Rae8 16. Nab6 Nxb6 17. axb6 Qd7 18. Rad1 Qd8 19. e5 dxe5 20. Bxe5 Nd6 21. Bxg7 Kxg7 22. Ne5 Nc8 23. Qc4 Nxb6 24. Qxc5 Nd7 25. Nxd7 Qxd7 26. Rfe1 Qd6 27. Qd4+ Kg8 28. Re3 Rc8 29. Rde1 Rc7 30. h4 h5 31. c4 Rfc8 32. b3 b5 33. Rc3 a5 34. Re5 a4 35. bxa4 Rxc4 36. Rxc4 Rxc4 37. Qe3 Rxa4 38. g3 Ra3 39. Qe2 b4 40. Rxe7 Qxd5 41. Re8+ Kh7 42. Qb2 Rc3 43. Qxb4 Qd2 44. Qe7 Rc1+ 45. Kg2 Qd5+ 46. f3 Rc2+ 47. Kh3 Qf5+ 0-1


[Site "https://www.chess.com"]

[Event "Titled Tuesday Blitz May 24 Late 2022"]
[White "Ezat, Mohamed"]
[Black "Matinian, Nikita"]
[WhiteFideId "10600906"]
[BlackFideId "24129100"]
[WhiteElo "2386"]
[BlackElo "2422"]
[Result "0-1"]
[Round "04"]
[TimeControl "180+1"]
[Date "2022.05.24"]
[WhiteClock "0:00:03"]
[BlackClock "0:00:05"]

1. d4 Nf6 2. c4 g6 3. Nc3 Bg7 4. e4 O-O 5. Be2 d6 6. Bg5 Na6 7. Qd2 c5 8. d5 Nc7 9. Nf3 a6 10. a4 Rb8 11. O-O Bd7 12. e5 dxe5 13. Nxe5 Nfe8 14. Nd3 b6 15. a5 Nd6 16. axb6 Rxb6 17. Nxc5 Bf5 18. b3 Re8 19. h3 h5 20. Rfe1 Qc8 21. Ra3 Ncb5 22. Nxb5 axb5 23. Be3 bxc4 24. bxc4 Rb2 25. Qc1 Rc2 26. Qd1 Nxc4 27. Bxc4 Rxc4 28. Nd3 Rd8 29. Nf4 e5 30. Ne2 Be4 31. d6 Rc6 32. Ng3 Rcxd6 33. Qxd6 Rxd6 34. Nxe4 Ra6 35. Rxa6 Qxa6 36. Rb1 Qa8 37. Nd6 Bf8 38. Nc4 Qe4 39. Rc1 f5 40. Nd2 Qa8 41. Nf3 f4 42. Bc5 Bxc5 43. Rxc5 e4 44. Ne5 Qa1+ 45. Kh2 e3 46. fxe3 fxe3 47. Rc8+ Kg7 48. Rc7+ Kf6 49. Nf3 e2 50. Rc6+ Ke7 51. Rxg6 Qf1 52. Rg3 h4 53. Rg7+ Kf8 54. Rg4 Qxf3 55. gxf3 e1=Q 56. Kg2 Qe2+ 57. Kg1 Qe1+ 58. Kg2 Kf7 59. Rf4+ Kg6 60. Rg4+ Kf5 61. Re4 Qd2+ 62. Kf1 Qd1+ 63. Kf2 Qd2+ 64. Re2 Qg5 65. Kf1 Qg3 66. Rf2 Qxh3+ 67. Ke2 Qg3 68. Kf1 h3 69. f4 h2 70. Rxh2 Qxh2 0-1


[Site "https://www.chess.com"]

[Event "Titled Tuesday Blitz May 24 Late 2022"]
[White "Fawzy, Adham"]
[Black "Gong, Patrick"]
[WhiteFideId "10613129"]
[BlackFideId "3222500"]
[WhiteElo "2546"]
[BlackElo "2103"]
[Result "0-1"]
[Round "04"]
[TimeControl "180+1"]
[Date "2022.05.24"]
[WhiteClock "0:00:02"]
[BlackClock "0:00:10"]

1. e4 d6 2. c4 Nf6 3. Nc3 c5 4. Nge2 Nc6 5. d4 cxd4 6. Nxd4 g6 7. Be2 Nxd4 8. Qxd4 Bg7 9. Be3 O-O 10. Qd2 Bd7 11. f3 Bc6 12. O-O a5 13. b3 Nd7 14. Rac1 Re8 15. Rfd1 Nc5 16. Nd5 b6 17. Bd4 Bxd5 18. cxd5 Bxd4+ 19. Qxd4 Rf8 20. Bb5 f5 21. e5 dxe5 22. Qxe5 Qd6 23. Re1 Rad8 24. Qxe7 Qxe7 25. Rxe7 Rf7 26. Rce1 Rxe7 27. Rxe7 Kf8 28. Re5 Kg7 29. Bc6 Kf6 30. Re3 Rd6 31. a3 f4 32. Rc3 Ke5 33. b4 axb4 34. axb4 Nd7 35. Rc1 Kf6 36. Kf2 Ne5 37. Ke2 g5 38. b5 h5 39. Ra1 Nc4 40. Ra8 Ne3 41. Rb8 Nxd5 42. Bxd5 Rxd5 43. Rxb6+ Kf5 44. Rb8 Rc5 45. Kd3 Rc1 46. b6 Rb1 47. Kc4 Kg6 48. Kc5 Kg7 49. h3 Rb2 50. Kc6 Rc2+ 51. Kd6 Rxg2 52. Re8 Rb2 53. Kc7 Rc2+ 54. Kd7 Rd2+ 55. Kc8 Rc2+ 56. Kb8 Rc3 57. Re5 Rb3 58. Rxg5+ Kf6 59. Rxh5 Rxb6+ 60. Kc7 Rb3 61. Kd6 Rxf3 62. Rh8 Rd3+ 63. Kc5 Kf5 64. Kc4 Rd6 65. h4 Kg4 66. h5 Kg5 67. Kc5 Rf6 68. Kd4 f3 69. Ke5 f2 70. Rg8+ Kxh5 71. Kxf6 f1=Q+ 72. Kg7 Qg2+ 73. Kf7 Qd5+ 74. Kg7 Qd7+ 75. Kf6 Qd6+ 76. Kg7 Qe7+ 77. Kh8 Kh6 78. Rg6+ Kxg6 0-1


[Site "https://www.chess.com"]

[Event "Titled Tuesday Blitz May 24 Late 2022"]
[White "Garagulya, Konstantin"]
[Black "Kosteniuk, Alexandra"]
[WhiteFideId "4128931"]
[BlackFideId "4128125"]
[WhiteElo "2329"]
[BlackElo "2469"]
[Result "1/2-1/2"]
[Round "04"]
[TimeControl "180+1"]
[Date "2022.05.25"]
[WhiteClock "0:00:09"]
[BlackClock "0:00:06"]

1. d4 Nf6 2. Nf3 d5 3. c4 e6 4. Bg5 h6 5. Bh4 dxc4 6. Qa4+ c6 7. Qxc4 b5 8. Qc2 Bb7 9. Nbd2 Nbd7 10. a3 c5 11. e3 Qb6 12. dxc5 Bxc5 13. b4 Be7 14. Bd3 Rc8 15. Qb2 O-O 16. O-O Rfd8 17. Rac1 Nf8 18. Rxc8 Bxc8 19. Bb1 Bb7 20. Rc1 Bd5 21. h3 Qb7 22. Qc2 Ng6 23. Bg3 Qa8 24. Qc7 Rd7 25. Qc8+ Rd8 26. Qxa8 Bxa8 27. Rc7 Bxf3 28. Bxg6 Rxd2 29. gxf3 Kf8 30. Be4 Nxe4 31. fxe4 f6 32. Rxa7 e5 33. Ra5 Ra2 34. Rxb5 Rxa3 35. Rb8+ Kf7 36. b5 Rb3 37. Kg2 g5 38. h4 Rb2 39. h5 Bc5 40. Kf3 Rb4 41. Rb7+ Ke6 42. Rh7 Bf8 43. Rb7 Bc5 44. Rb8 Bd6 45. Rh8 Rxb5 46. Rxh6 Rb4 47. Rh8 Kf7 48. Rd8 Bf8 49. Rd7+ Ke6 50. Ra7 Rc4 51. Ra6+ Kf7 52. Kg4 Rc1 53. Kf5 Be7 54. Ra7 Rh1 55. Kg4 Ke6 56. f4 gxf4 57. exf4 exf4 58. Bxf4 Rg1+ 59. Kf3 Rf1+ 60. Kg3 Rg1+ 61. Kf3 Rf1+ 62. Kg4 Rg1+ 63. Kh3 Rh1+ 64. Kg4 Rg1+ 1/2-1/2


[Site "https://www.chess.com"]

[Event "Titled Tuesday Blitz May 24 Late 2022"]
[White "Gil Alba, Hector Luis"]
[Black "Escudero Donoso, Felipe"]
[WhiteFideId "3504670"]
[BlackFideId "3410595"]
[WhiteElo "2331"]
[BlackElo "2184"]
[Result "0-1"]
[Round "04"]
[TimeControl "180+1"]
[Date "2022.05.25"]
[WhiteClock "0:00:04"]
[BlackClock "0:00:29"]

1. e4 c5 2. Nf3 e6 3. Nc3 a6 4. d4 cxd4 5. Nxd4 Qc7 6. g3 Bb4 7. Ne2 Nf6 8. Bg2 O-O 9. O-O Be7 10. Nd4 d6 11. a4 Nbd7 12. h3 Rb8 13. Kh2 b6 14. f4 Bb7 15. g4 Nc5 16. Qe1 Rfe8 17. g5 Nh5 18. Bf3 e5 19. fxe5 dxe5 20. Nf5 Nf4 21. Qg3 Nce6 22. Nd5 Bxd5 23. exd5 Nxg5 24. Bg2 Qd7 25. Nxe7+ Qxe7 26. Bxf4 exf4 27. Rxf4 Rbc8 28. h4 Rxc2 29. Qxg5 Qd6 30. Qg3 Ree2 31. Rg1 Rxb2 32. Rc4 Qd8 33. Qg5 Qd6+ 34. Kh1 h6 35. Rc8+ Kh7 36. Qf5+ Qg6 37. Qxg6+ fxg6 38. Rc6 Rb4 39. Kh2 Rxh4+ 40. Kg3 g5 41. Bf3 Re3 42. Kf2 Ra3 43. Be4+ Rxe4 44. d6 Rd4 0-1


[Site "https://www.chess.com"]

[Event "Titled Tuesday Blitz May 24 Late 2022"]
[White "Goltsev, Dmitry"]
[Black "Al-Tarboush, Ward"]
[WhiteFideId "24176710"]
[BlackFideId "7601450"]
[WhiteElo "2693"]
[BlackElo "2565"]
[Result "0-1"]
[Round "04"]
[TimeControl "180+1"]
[Date "2022.05.25"]
[WhiteClock "0:00:12"]
[BlackClock "0:00:19"]

1. e4 e6 2. d4 d5 3. exd5 exd5 4. Nf3 Bg4 5. c4 Nc6 6. Nc3 Bb4 7. a3 Bxc3+ 8. bxc3 Nf6 9. Be2 Ne4 10. Qb3 Na5 11. Qb4 Nxc4 12. Bxc4 dxc4 13. Ne5 Be6 14. Qxb7 O-O 15. Qxe4 Bd5 16. Qg4 f6 17. Nf3 f5 18. Qf4 Qe8+ 19. Ne5 Bxg2 20. Rg1 Bd5 21. Qg5 g6 22. h4 Rb8 23. h5 Rb6 24. Be3 f4 25. Bxf4 Rbf6 26. Be3 Rf5 27. Qg4 Bf3 28. Qg3 Bxh5 29. Nxc4 Qb5 30. Qxc7 R5f7 31. Qe5 Qxc4 32. Qxh5 Qxc3+ 33. Ke2 Qc2+ 34. Ke1 Qc3+ 35. Ke2 Qxa1 36. Qxg6+ hxg6 37. Rxa1 Re7 38. Rg1 Rd7 39. Rxg6+ Kf7 40. Rh6 Re8 41. Rh7+ Ke6 42. Rh5 Kd6 43. Kd3 Kc6 44. Rc5+ Kb7 45. Rc3 a6 46. Bf4 Rc8 47. Rb3+ Ka7 48. Be5 Rf8 49. f4 Rh7 50. Ke4 Rh1 51. Rc3 Re1+ 52. Kd5 Rd8+ 53. Ke6 Rxd4 54. Rc7+ Kb6 55. Rf7 Rde4 56. Kf5 R4e2 57. Rd7 Kb5 58. Rd5+ Ka4 59. Rd6 a5 60. Rd3 Rf1 61. Bd6 Rc2 62. Rd4+ Kb3 63. Rd5 a4 64. Rb5+ Ka2 65. Rb4 Rc6 66. Be7 Ra6 67. Re4 Ra5+ 68. Kg6 Rg1+ 69. Kf7 Rf1 70. Kf6 Ra6+ 71. Kf5 Ra5+ 72. Kg6 Rg1+ 73. Kf6 Rf1 74. Ke6 Kb3 75. Rb4+ Kc3 76. Re4 Ra6+ 77. Kd5 Ra5+ 78. Ke6 Ra6+ 79. Kf7 Ra5 80. Bb4+ Kd3 81. Re6 Rf5+ 82. Ke7 R5xf4 83. Ra6 Rf7+ 84. Ke8 R1f6 85. Rxa4 Rb7 86. Ra5 Rh6 87. Rd5+ Kc4 88. Rd8 Rh8+ 89. Bf8 Kb5 90. Rd5+ Kc6 91. Rf5 Rb5 92. Ke7 Rxf5 93. Bg7 Rhh5 94. Ke6 Kb5 95. Bd4 Ka4 96. Bg7 Rb5 97. Ke7 Rhc5 98. Kf6 Rc6+ 99. Kf7 Rb7+ 100. Kg8 Rc8+ 101. Kh7 Rxg7+ 102. Kxg7 Kxa3 103. Kf7 Rc3 104. Ke7 Kb4 105. Kd6 Kb5 106. Kd5 Rd3+ 107. Ke4 Kc4 108. Kf4 Kd4 109. Kf5 Re3 110. Kf6 Re4 111. Kf5 Kd5 112. Kf6 Re5 113. Kf7 Kd6 114. Kg6 Ke6 115. Kg7 Rg5+ 116. Kf8 Rg6 117. Ke8 Rg8# 0-1


[Site "https://www.chess.com"]

[Event "Titled Tuesday Blitz May 24 Late 2022"]
[White "Gorodetzky, David"]
[Black "Melkumyan, Hrant"]
[WhiteFideId "2813416"]
[BlackFideId "13302485"]
[WhiteElo "2494"]
[BlackElo "2604"]
[Result "1-0"]
[Round "04"]
[TimeControl "180+1"]
[Date "2022.05.24"]
[WhiteClock "0:00:12"]
[BlackClock "0:00:16"]

1. Nf3 d5 2. b3 c5 3. e3 Na6 4. Bb2 Nf6 5. g3 Nc7 6. Bg2 Bg4 7. O-O e6 8. d3 Be7 9. Nbd2 O-O 10. h3 Bxf3 11. Nxf3 b5 12. Qe2 a5 13. a4 b4 14. Ne5 Ra6 15. f4 Nd7 16. Nxd7 Qxd7 17. Qg4 g6 18. Rae1 f5 19. Qe2 Bf6 20. Bxf6 Rxf6 21. e4 Rf7 22. exf5 exf5 23. Qf2 Qd6 24. Re5 Ra8 25. d4 cxd4 26. Qxd4 Rd8 27. Rfe1 h5 28. h4 Kh7 29. Kh2 Rdd7 30. Qa7 Na6 31. Qa8 Rd8 32. Qxd5 Qxd5 33. Bxd5 Rfd7 34. Re7+ Kh6 35. Rxd7 Rxd7 36. Bc4 Nc5 37. Re2 Ne4 38. Kg2 Rd1 39. Bd3 Nc5 40. Bc4 Rc1 41. Kf3 Ne4 42. Rg2 Re1 43. Bd3 Nc5 44. Bc4 Rc1 45. Ke3 Ne4 46. Kd4 Rd1+ 47. Bd3 Kg7 48. Kc4 Kf6 49. Kb5 Nc3+ 50. Kxa5 Nd5 51. Re2 Rg1 52. Bc4 Nc3 53. Re6+ Kg7 54. Kxb4 Ne4 55. a5 Nxg3 56. Bb5 g5 57. fxg5 f4 58. a6 Nf5 59. a7 Ra1 60. Ba4 Nd4 61. Re7+ 1-0


[Site "https://www.chess.com"]

[Event "Titled Tuesday Blitz May 24 Late 2022"]
[White "Griffith, Kyron"]
[Black "Makarian, Rudik"]
[WhiteFideId "2046318"]
[BlackFideId "44105681"]
[WhiteElo "2232"]
[BlackElo "2419"]
[Result "1-0"]
[Round "04"]
[TimeControl "180+1"]
[Date "2022.05.24"]
[WhiteClock "0:00:29"]
[BlackClock "0:00:07"]

1. e4 d6 2. d4 Nf6 3. Nc3 e5 4. Nf3 Nbd7 5. Bc4 Be7 6. dxe5 dxe5 7. Bxf7+ Kxf7 8. Ng5+ Kg8 9. Ne6 Qe8 10. Nxc7 Qg6 11. Nxa8 Qxg2 12. Rf1 Nc5 13. Be3 Bg4 14. f3 Bh3 15. Rg1 Qxh2 16. Qe2 Qxe2+ 17. Kxe2 Kf7 18. Nc7 Ne6 19. Nxe6 Bxe6 20. Rad1 b6 21. Kd2 h5 22. Kc1 h4 23. b3 h3 24. Ne2 h2 25. Rh1 Rh3 26. Rdf1 Kg8 27. Bg5 Ba3+ 28. Kd1 Bc5 29. Kd2 Kf7 30. Be3 Bb4+ 31. c3 Be7 32. Rf2 Rh8 33. Rfxh2 Rd8+ 34. Kc2 Rc8 35. Rg1 b5 36. Kb2 a5 37. Rhg2 Bf8 38. f4 Nxe4 39. fxe5 a4 40. Bd4 axb3 41. axb3 Nd2 42. Nc1 Ne4 43. Re1 Nc5 44. Rf2+ Kg8 45. Ref1 Be7 46. Rg1 Nd7 47. Rfg2 Bf8 48. Nd3 Bd5 49. Rf2 Ra8 50. Nf4 Ba3+ 51. Kc2 Be4+ 52. Kd2 Be7 53. Nh5 g6 54. Nf6+ Bxf6 55. exf6 Bf5 56. Rxf5 1-0


[Site "https://www.chess.com"]

[Event "Titled Tuesday Blitz May 24 Late 2022"]
[White "Grischuk, Alexander"]
[Black "Shimanov, Aleksandr"]
[WhiteFideId "4126025"]
[BlackFideId "4198603"]
[WhiteElo "2762"]
[BlackElo "2605"]
[Result "1-0"]
[Round "04"]
[TimeControl "180+1"]
[Date "2022.05.24"]
[WhiteClock "0:00:04"]
[BlackClock "0:00:02"]

1. d4 Nf6 2. c4 e6 3. Nc3 d5 4. cxd5 Nxd5 5. e3 c5 6. Bd3 Nc6 7. Nf3 Be7 8. a3 O-O 9. Nxd5 Qxd5 10. Qc2 h6 11. Bh7+ Kh8 12. Be4 Qd6 13. dxc5 Qxc5 14. Qxc5 Bxc5 15. b4 Be7 16. Bb2 Bd7 17. Ke2 Rfd8 18. Rhd1 Kg8 19. Rac1 Be8 20. Rxd8 Rxd8 21. g4 a6 22. h4 Kf8 23. g5 hxg5 24. hxg5 f5 25. gxf6 Bxf6 26. Bxf6 gxf6 27. Bxc6 Bxc6 28. Nd4 Rd6 29. Nxc6 bxc6 30. Rc5 e5 31. Ra5 e4 32. Rxa6 Ke7 33. a4 f5 34. a5 Kd7 35. Ra7+ Ke6 36. Rc7 Kd5 37. a6 Kc4 38. a7 Rd8 39. Rxc6+ 1-0


[Site "https://www.chess.com"]

[Event "Titled Tuesday Blitz May 24 Late 2022"]
[White "Gross, Nicholas"]
[Black "Proudian, Armen"]
[WhiteFideId "30921961"]
[BlackFideId "2130734"]
[WhiteElo "1958"]
[BlackElo "2380"]
[Result "0-1"]
[Round "04"]
[TimeControl "180+1"]
[Date "2022.05.25"]
[WhiteClock "0:00:13"]
[BlackClock "0:00:12"]

1. e4 e5 2. Nf3 Nc6 3. Bc4 Bc5 4. b4 Bxb4 5. c3 Ba5 6. d4 exd4 7. O-O Nf6 8. e5 d5 9. exf6 dxc4 10. fxg7 Rg8 11. Re1+ Be6 12. Bg5 Qd5 13. Bf6 Qf5 14. Bxd4 O-O-O 15. Nbd2 Nxd4 16. Nxd4 Qd5 17. Nxe6 fxe6 18. Ne4 Rxg7 19. Qe2 Bxc3 20. Rad1 Bd4 21. g3 e5 22. Nd2 Rdg8 23. Ne4 Rg6 24. Kg2 a6 25. f3 h5 26. Rc1 b5 27. a4 h4 28. axb5 hxg3 29. hxg3 axb5 30. Qa2 Kb7 31. Red1 Ra6 32. Qe2 Rga8 33. Rc2 Ra3 34. Rb1 Rb3 35. g4 Rxb1 36. Rd2 Raa1 37. Nc3 Rg1+ 38. Kh3 Rh1+ 39. Qh2 Rxh2+ 40. Kxh2 Qxf3 0-1


[Site "https://www.chess.com"]

[Event "Titled Tuesday Blitz May 24 Late 2022"]
[White "Gurevich, Dmitry"]
[Black "Ward, Ieuan C"]
[WhiteFideId "2000407"]
[BlackFideId "406627"]
[WhiteElo "2506"]
[BlackElo "2337"]
[Result "1-0"]
[Round "04"]
[TimeControl "180+1"]
[Date "2022.05.25"]
[WhiteClock "0:01:30"]
[BlackClock "0:00:06"]

1. d4 Nf6 2. c4 e6 3. Nc3 d5 4. Bg5 Be7 5. e3 O-O 6. Rc1 h6 7. Bh4 b6 8. cxd5 Nxd5 9. Bg3 Nxc3 10. bxc3 Bb7 11. Nf3 c5 12. Bd3 Nc6 13. O-O Bd6 14. Bb1 Bxg3 15. hxg3 Rc8 16. Qd3 g6 17. Rfd1 Qe7 18. e4 cxd4 19. cxd4 Rfd8 20. Qe3 Kg7 21. Qf4 g5 22. Qe3 Na5 23. e5 f5 24. exf6+ Qxf6 25. Qd3 Qf5 26. Qxf5 exf5 27. Bxf5 Rxc1 28. Rxc1 Bxf3 29. gxf3 Rxd4 30. Rc7+ Kf6 31. Be4 Ra4 32. Rxa7 Rxa2 33. Rh7 Rb2 34. Rxh6+ Ke5 35. Rg6 Nc4 36. Rxg5+ Kf6 37. Rg6+ Kf7 38. Rc6 Nd2 39. Kg2 b5 40. g4 b4 41. g5 Kg7 42. Rc7+ Kf8 43. Bd5 b3 44. g6 1-0


[Site "https://www.chess.com"]

[Event "Titled Tuesday Blitz May 24 Late 2022"]
[White "Halak, Miklos"]
[Black "Vovk, Orest"]
[WhiteFideId "726400"]
[BlackFideId "14113490"]
[WhiteElo "2197"]
[BlackElo "2203"]
[Result "0-1"]
[Round "04"]
[TimeControl "180+1"]
[Date "2022.05.25"]
[WhiteClock "0:00:06"]
[BlackClock "0:00:11"]

1. e4 g5 2. d4 g4 3. Qxg4 d5 4. Qh4 dxe4 5. Qxe4 Nf6 6. Qd3 Nc6 7. c3 Qd5 8. Qf3 Bg4 9. Qxd5 Nxd5 10. Be2 Bxe2 11. Nxe2 O-O-O 12. Nf4 e5 13. dxe5 Nxe5 14. O-O Nxf4 15. Bxf4 Nd3 16. Bc1 Bc5 17. Be3 Bxe3 18. fxe3 Rhe8 19. Rxf7 Rxe3 20. Na3 Nxb2 21. Nb5 c6 22. Rb1 Re2 23. Nd4 Rd2 24. Rxh7 Rg8 25. g3 Re8 26. Rf7 Re3 27. Rf2 Nc4 28. Rf8+ Kc7 29. Rf7+ Kd8 30. Rbxb7 Re1+ 31. Rf1 Rxf1+ 32. Kxf1 Rxa2 33. Nxc6+ Kc8 34. Rxa7 Rxh2 35. Kg1 Rc2 36. Na5 Ne3 37. Rg7 Rg2+ 38. Kh1 Ra2 39. Nc6 Rc2 40. Ne5 Rxc3 41. g4 Rc2 42. g5 Nf5 43. Rf7 Ng3+ 44. Kg1 Rc5 45. Nd3 Rxg5 46. Kf2 Ne4+ 47. Ke3 Nd6 48. Rf8+ Kc7 49. Rf4 Rg3+ 50. Kd4 Rh3 51. Nc5 Kc6 52. Ne4 Nb5+ 53. Ke5 Rh5+ 54. Rf5 Rh1 55. Rf6+ Kc7 56. Rf7+ Kb6 57. Rf6+ Ka5 58. Rf5 Kb4 59. Nd6 Re1+ 60. Ne4 Nc3 61. Rf4 Kc4 62. Kf5 Nd5 63. Rg4 Ne3+ 64. Kf4 Nxg4 65. Nd2+ Kd3 66. Nf3 Re4+ 67. Kg3 Ne5 68. Ng1 Rg4+ 69. Kf2 Rf4+ 70. Kg3 Rf8 71. Nh3 Ke3 72. Ng5 Rg8 73. Kh4 Nf3+ 74. Kh5 Rxg5+ 75. Kh6 Kf4 0-1


[Site "https://www.chess.com"]

[Event "Titled Tuesday Blitz May 24 Late 2022"]
[White "Hamitevici, Vladimir"]
[Black "Demchenko, Anton"]
[WhiteFideId "13902393"]
[BlackFideId "4160258"]
[WhiteElo "2359"]
[BlackElo "2539"]
[Result "1/2-1/2"]
[Round "04"]
[TimeControl "180+1"]
[Date "2022.05.24"]
[WhiteClock "0:00:07"]
[BlackClock "0:00:06"]

1. d4 Nf6 2. c4 g6 3. Nf3 Bg7 4. e3 O-O 5. Be2 d6 6. Nc3 Nbd7 7. O-O e5 8. Qc2 Re8 9. b4 exd4 10. exd4 Nf8 11. h3 Bf5 12. Bd3 Bxd3 13. Qxd3 d5 14. Bg5 dxc4 15. Qxc4 h6 16. Bh4 g5 17. Bg3 Nh5 18. Be5 Ng6 19. Rad1 Nhf4 20. Kh2 c6 21. Bxg7 Kxg7 22. d5 Qf6 23. dxc6 Qxc6 24. Qxc6 bxc6 25. Nd4 a5 26. Nf5+ Kf8 27. b5 cxb5 28. Nxb5 Re5 29. Nbd6 Rb8 30. Nxh6 Rb2 31. Ndxf7 Rc5 32. Rd8+ Ke7 33. Re1+ Re2 34. Rxe2+ Nxe2 35. Rd2 Nef4 36. Nd6 Nh4 37. Ne4 Rb5 38. Ng4 Nfxg2 39. Kg3 Nf4 40. Ne3 Rb1 41. Kg4 Rg1+ 42. Ng3 Ne6 43. Nd5+ Kf7 44. Ne3 Ng6 45. Rd7+ Ke8 46. Ra7 Ne7 47. Ra8+ Kd7 48. Rxa5 Rb1 49. Ra7+ Ke8 50. Ngf5 Rb4+ 51. Kh5 Nxf5 52. Nxf5 Rf4 53. Ng7+ Nxg7+ 54. Rxg7 Rxf2 55. a4 Rf4 56. Ra7 Rh4+ 57. Kxg5 Rxh3 58. Kf6 Kd8 59. a5 Kc8 60. Rf7 Kb8 61. a6 Ka8 62. a7 Ra3 63. Kg7 Rxa7 64. Rxa7+ Kxa7 1/2-1/2


[Site "https://www.chess.com"]

[Event "Titled Tuesday Blitz May 24 Late 2022"]
[White "Hansen, Eric"]
[Black "Santos Ruiz, Miguel"]
[WhiteFideId "2606771"]
[BlackFideId "22291482"]
[WhiteElo "2568"]
[BlackElo "2486"]
[Result "1-0"]
[Round "04"]
[TimeControl "180+1"]
[Date "2022.05.24"]
[WhiteClock "0:00:30"]
[BlackClock "0:00:15"]

1. d4 d5 2. c4 c6 3. Nf3 Nf6 4. Nc3 e6 5. e3 Nbd7 6. Bd3 dxc4 7. Bxc4 b5 8. Be2 Bb7 9. O-O b4 10. Na4 c5 11. b3 cxd4 12. Qxd4 Be7 13. Bb2 O-O 14. Rac1 Qa5 15. Ne5 Rfd8 16. Qf4 Nxe5 17. Bxe5 Rd2 18. Rc7 Rxe2 19. Rxb7 Qd8 20. Rxe7 Qxe7 21. Qf3 Rxa2 22. Qxa8+ Ne8 23. Rd1 Rc2 24. h3 1-0


[Site "https://www.chess.com"]